 Dungeon Crawl Stone Soup version 0.31.0-32-g396128a36d (webtiles) character file.

Game seed: 1770718258863321609

75231 wingedge the Fighter (level 14, -1/105 (122) HPs)
             Began as a Demigod Earth Elementalist on Mar 8, 2024.
             Shot with an arrow by a centaur warrior (18 damage)
             ... while paralysed by an ogre mage
             ... on level 13 of the Dungeon.
             The game lasted 01:29:51 (32421 turns).

wingedge the Fighter (Demigod Earth Elementalist)  Turns: 32421, Time: 01:29:52

HP:   -1/105 (122)  AC: 12    Str:  9    XL:     14   Next: 67%
MP:   30/42         EV:  2    Int: 33    God:
Gold: 951           SH:  0    Dex: 14    Spells: 2/34 levels left

rFire   . . .        a - staff of cold
rCold   + . .        h - +2 buckler of the Sun {rElec SInv}
rNeg    . . .        K - +0 steam dragon scales
rPois   +            (no helmet)
rElec   +            B - +0 cloak
rCorr   .            g - +1 pair of gloves
SInv    +            O - +1 pair of boots of Caqinn {rElec rPois}
Will    +....        A - amulet of the acrobat
Stlth   +++          v - ring of magical power
HPRegen 0.37/turn    q - ring of wizardry
MPRegen 0.28/turn

%: acrobat, wizardry (x1)
@: paralysed, heavily drained
A: high MP 1, forlorn, divine attributes
a: no special abilities


You were on level 13 of the Dungeon.
You visited 3 branches of the dungeon, and saw 20 of its levels.
You also visited: Ice Cave.

You collected 2950 gold pieces.
You spent 1999 gold pieces at shops.

Inventory:

Hand Weapons
 b - a +1 broad axe of flaming
 y - a +1 dagger of venom
Missiles
 V - 6 curare-tipped darts
Armour
 g - a +1 pair of gloves (worn)
 h - the +2 buckler of the Sun (worn) {rElec SInv}
   (You found it on level 11 of the Dungeon)

   rElec:     It insulates you from electricity.
   SInv:      It lets you see invisible.
 x - +0 acid dragon scales
 B - a +0 cloak (worn)
 K - +0 steam dragon scales (worn)
 O - the +1 pair of boots of Caqinn (worn) {rElec rPois}
   (You bought it in a shop on level 10 of the Dungeon)

   rElec:     It insulates you from electricity.
   rPois:     It protects you from poison
Magical Staves
 a - a staff of cold (weapon)
 o - a staff of conjuration
Jewellery
 d - a ring of protection from fire
 f - a ring of flight
 q - a ring of wizardry (right hand)
 v - a ring of magical power (left hand)
 w - a ring of willpower
 A - an amulet of the acrobat (around neck)
 N - a ring of positive energy
 P - a ring of protection from cold
 Q - a +5 ring of evasion
Wands
 j - a wand of iceblast (39)
 l - a wand of quicksilver (3)
 n - a wand of flame (35)
 E - a wand of charming (15)
 L - a wand of polymorph (11)
Scrolls
 i - a scroll of enchant armour
 k - 5 scrolls of amnesia
 m - 3 scrolls of teleportation
 u - a scroll of fog
 z - 3 scrolls of fear
 F - a scroll of enchant weapon
 I - 3 scrolls of brand weapon
 R - a scroll of noise {unknown}
 S - a scroll of summoning {unknown}
 U - 2 scrolls of immolation {unknown}
 X - 2 scrolls of vulnerability {unknown}
Potions
 c - 2 potions of brilliance {unknown}
 e - a potion of invisibility
 p - 2 potions of degeneration {unknown}
 r - 3 potions of mutation
 s - 3 potions of berserk rage {unknown}
 t - 2 potions of might {unknown}
 C - 3 potions of enlightenment {unknown}
 D - a potion of cancellation {unknown}
 J - 3 potions of resistance {unknown}
 M - 5 potions of curing
 T - a potion of heal wounds
 W - 5 potions of haste {unknown}


   Skills:
 + Level 10.6 Fighting
 + Level 7.1 Armour
 + Level 7.1 Dodging
 - Level 4.0 Stealth
 + Level 5.4 Shields
 + Level 10.5 Spellcasting
 * Level 5.9 Conjurations
 * Level 2.2 Necromancy
 - Level 3.0 Translocations
 + Level 9.5 Fire Magic
 - Level 4.1 Ice Magic
 + Level 9.5 Air Magic
 * Level 4.8 Earth Magic


You had 2 spell levels left.
You knew the following spells:

 Your Spells              Type           Power      Damage    Failure   Level
b - Stone Arrow           Conj/Erth      100%       3d13      1%          3
c - Airstrike             Air            34%        2d(5-21)  1%          4
d - Starburst             Conj/Fire      31%        6d9       10%         6
j - Plasma Beam           Fire/Air       34%        2x1d47    4%          6
k - Freezing Cloud        Conj/Ice/Air   37%        6-21      2%          5
n - Borgnjor's Vile Clut  Necr/Erth      20%        N/A       10%         5
y - Blink                 Tloc           74%        N/A       1%          2
z - Apportation           Tloc           74%        N/A       1%          1

Your spell library contained the following spells:

 Spells                   Type           Power      Damage    Failure   Level
 Foxfire                  Conj/Fire      100%       2x1d9     1%          1
 Freeze                   Ice            100%       1d10      1%          1
 Kiss of Death            Conj/Necr      100%       2d13      1%          1
 Necrotise                Necr           100%       1d9       1%          1
 Sandblast                Erth           98%        2d20      1%          1
 Shock                    Conj/Air       100%       1d9       1%          1
 Sting                    Conj/Alch      100%       1d9       1%          1
 Summon Small Mammal      Summ           68%        N/A       1%          1
 Cigotuvi's Dreadful Rot  Necr/Alch/Air  86%        N/A       1%          2
 Lesser Beckoning         Tloc           74%        N/A       1%          2
 Momentum Strike          Conj/Tloc      92%        3d10      1%          2
 Jinxbite                 Hex            34%        N/A       2%          2
 Frozen Ramparts          Ice            100%       1d16      1%          3
 Gell's Gravitas          Tloc           37%        N/A       1%          3
 Hailstorm                Conj/Ice       66%        3d12      1%          3
 Passwall                 Erth           49%        N/A       1%          3
 Swiftness                Air            69%        N/A       1%          3
 Teleport Other           Tloc           37%        N/A       1%          3
 Brom's Barrelling Bould  Conj/Erth      52%        2d7       1%          4
 Ignite Poison            Fire/Alch      48%        N/A       2%          4
 Sticky Flame             Fire/Alch      48%        2d9       2%          4
 Confusing Touch          Hex            17%        N/A       4%          3
 Dispel Undead            Necr           32%        3d14      6%          4
 Leda's Liquefaction      Alch/Erth      16%        N/A       6%          4
 Petrify                  Alch/Erth      33%        N/A       6%          4
 Martyr's Knell           Necr/Summ      24%        N/A       10%         4
 Metabolic Englaciation   Hex/Ice        23%        N/A       17%         5
 Alistair's Intoxication  Alch           11%        N/A       38%         5
 Yara's Violent Unravell  Hex/Alch       8%         3d5       38%         5
 Death Channel            Necr           16%        N/A       63%         6
 Ignition                 Fire           34%        3d10      87%         8
 Eringya's Noxious Bog    Alch           8%         4d6       90%         6
 Enfeeble                 Hex            8%         N/A       100%        7


Dungeon Overview and Level Annotations

Branches:
Dungeon (13/15)            Temple (0/1) D:4            Lair (5/5) D:9
  Swamp (0/4) Lair:2        Snake (0/4) Lair:3        Slime (0/5) Lair:4
    Orc (2/2) D:9             Elf (0/3) Orc:2         IceCv (visited)
 Vaults: D:13-14

Shops:
D:4 *   D:10 [   Orc:1 =   Orc:2 (:*!

Portals:
Pandemonium: Orc:2

Annotations:
Lair:1 2 transporters


Innate Abilities, Weirdness & Mutations

You have an increased reservoir of magic. (+10% MP)
You shall have no god before yourself.
Your divine heritage dramatically boosts your attributes as you level up.


Message History

Press: ? - help, Shift-Dir - straight line, f/p - centaur
Aim: a centaur, wielding a +0 orcbow (severely wounded, 87% to hit)
The stone arrow hits the centaur!
The centaur is almost dead.
The centaur warrior shoots an arrow.
The arrow hits you.
The centaur shoots an arrow.
The arrow hits you.
An ogre comes into view. It is wielding a +0 giant spiked club.
The two-headed ogre is engulfed in freezing vapours.
Casting: Stone Arrow (safe; 1% risk of failure)
Confirm with . or Enter, or press ? or * to list all spells.
Aiming: Stone Arrow (safe; 1% risk of failure)
Press: ? - help, Shift-Dir - straight line, f/p - centaur
Aim: a centaur, wielding a +0 orcbow (almost dead, 87% to hit)
The stone arrow hits the centaur!!
You kill the centaur!
The centaur warrior shoots an arrow.
The arrow hits you!!
The centaur warrior shoots an arrow.
You block the arrow.
The two-headed ogre is engulfed in freezing vapours.
Casting: Stone Arrow (safe; 1% risk of failure)
Confirm with . or Enter, or press ? or * to list all spells.
Aiming: Stone Arrow (safe; 1% risk of failure)
Press: ? - help, Shift-Dir - straight line, f - two-headed ogre
Aim: a two-headed ogre, wielding a +0 giant spiked club and a +0 giant club (heavily wounded, 89% to hit)
The stone arrow hits the two-headed ogre!
The two-headed ogre is severely wounded.
The centaur warrior shoots an arrow.
You block the arrow. The ogre mage casts a spell at you.
You suddenly lose the ability to move!
The centaur warrior shoots an arrow.
The arrow hits you.
The two-headed ogre hits you with a +0 giant spiked club!
The two-headed ogre hits you but does no damage.
A two-headed ogre comes into view.
It is wielding two +0 giant spiked clubs.
A two-headed ogre comes into view.
It is wielding a +0 giant club and a +0 giant spiked club.
The two-headed ogre hits you with a +2 heavy dire flail!
* * * LOW HITPOINT WARNING * * *
The two-headed ogre hits you but does no damage.
The centaur warrior shoots an arrow.
The arrow hits you!
* * * LOW HITPOINT WARNING * * *
The centaur warrior shoots an arrow.
The arrow hits you!!
You die...

...............##
................##
...............c.#
.................#
.................#
......~~~~~......#
##....≈≈≈≈O..O..<#
#....c≈≈≈~O§§..<#
#....~≈≈≈~§§§)O@#
....c.~~~~O§§§OO.#
.................#
.................#
.............#
...........##
........## .....#


You could see a centaur warrior, 4 two-headed ogres, an ogre mage and 2 ogres.

Vanquished Creatures
  Rupert (Lair:5)
  An orc warlord (Orc:2)
  Erolcha (D:11)
  4 hydras (Lair:5)
  A catoblepas (Lair:5)
  An ice dragon (Lair:5)
  Erica (D:10)
  2 two-headed ogres
  3 demonspawn (Orc:2)
  2 boulder beetles
  3 death yaks (Lair:5)
  2 tengu warriors (D:12)
  6 orc high priests (Orc:2)
  A sun demon (Orc:2)
  Amaemon (Lair:2)
  A skyshark (Lair:4)
  The ghost of ChrisAssaf the Chopper, a novice DrCK of Xom (D:6)
  2 lindwurms (Lair:5)
  3 orc knights (Orc:2)
  3 ugly things
  7 orc sorcerers
  An oklob plant (D:5)
  7 elephants
  7 manticores
  A rust devil (Orc:2)
  3 ice statues (IceCv)
  8 black mambas
  An orange demon (Lair:2)
  3 kobold blastminers
  4 gargoyles
  Maggie (D:7)
  7 cane toads
  2 kobold demonologists (D:11)
  2 unseen horrors (D:12)
  6 torpor snails
  6 rime drakes
  6 komodo dragons
  An anaconda simulacrum (IceCv)
  5 trolls
  8 hornets
  A red devil (Orc:2)
  Prince Ribbit (D:9)
  3 polar bears
  Grinder (D:5)
  6 tyrant leeches
  8 blink frogs (Lair:5)
  9 dream sheep
  2 vampires
  2 wraiths (D:11)
  2 water elementals (D:13)
  3 wyverns
  A basilisk (Lair:5)
  5 vampire mosquitoes
  48 yaks
  Menkaure (D:7)
  2 steam dragons
  2 death yak simulacra (IceCv)
  A warg (Orc:1)
  A swamp worm (Lair:2)
  A harpy simulacrum (IceCv)
  3 acid dragons
  16 water moccasins
  Duvessa (D:6)
  4 black bears
  29 orc warriors
  2 laughing skulls (D:12)
  2 ice beasts (D:7)
  3 ogres
  2 sky beasts (D:7)
  13 wolves
  12 centaurs
  3 phantoms
  Blork the orc (D:6)
  7 bullfrogs
  4 kobold brigands
  A gnoll sergeant (D:9)
  5 wights (D:7)
  3 killer bees (D:11)
  2 elephant simulacra (IceCv)
  Dowan (D:6)
  2 howler monkeys
  3 electric eels (D:9)
  2 bombardier beetles
  4 hounds
  6 jellies
  22 orc priests
  5 iguanas
  A sleepcap (D:6)
  12 orc wizards
  A wolf simulacrum (IceCv)
  10 gnolls
  8 adders
  3 ribbon worms
  4 dart slugs
  64 orcs
  8 endoplasms
  4 goblins
  7 hobgoblins
  8 jackals
  2 quokkas
  5 ball pythons
  3 bats
  2 frilled lizards (D:1)
  18 kobolds
544 creatures vanquished.

Notes
Turn   | Place    | Note
-------+----------+-------------------------------------------
     0 | D:1      | wingedge the Demigod Earth Elementalist began the quest for
                  | the Orb.
     0 | D:1      | Reached XP level 1. HP: 14/14 MP: 5/5
   976 | D:1      | Reached XP level 2. HP: 20/20 MP: 4/7
  1643 | D:2      | Reached XP level 3. HP: 26/26 MP: 6/8
  1684 | D:2      | Learned a level 3 spell: Stone Arrow
  1687 | D:2      | Reached skill level 1 in Conjurations
  2358 | D:3      | Reached XP level 4. HP: 33/33 MP: 0/10
  3233 | D:4      | Reached XP level 5. HP: 38/38 MP: 12/12
  3389 | D:4      | Found a staircase to the Ecumenical Temple.
  3459 | D:4      | Found Suistri's Overcharged Wands.
  3751 | D:5      | Entered Level 5 of the Dungeon
  3872 | D:5      | Noticed a black bear
  3886 | D:5      | Reached XP level 6. HP: 45/45 MP: 7/14
  4007 | D:5      | Noticed an oklob plant
  4423 | D:5      | Learned a level 2 spell: Blink
  4636 | D:5      | Noticed Grinder
  4642 | D:5      | Killed Grinder
  4643 | D:5      | Reached skill level 5 in Spellcasting
  4643 | D:5      | Reached XP level 7. HP: 28/56 MP: 16/17
  5247 | D:6      | Noticed Duvessa
  5247 | D:6      | Noticed Dowan
  5417 | D:6      | Reached skill level 5 in Fighting
  5489 | D:6      | Noticed Blork the orc
  5497 | D:6      | Reached XP level 8. HP: 68/68 MP: 18/19
  5498 | D:6      | Killed Blork the orc
  5809 | D:6      | Learned a level 1 spell: Apportation
  5945 | D:6      | Found a large runed translucent door.
  5945 | D:6      | Found a large runed translucent door.
  5951 | D:6      | Noticed ChrisAssaf's ghost (novice DrCK)
  6400 | D:5      | Killed an oklob plant
  6601 | D:6      | Killed Duvessa
  6672 | D:6      | Killed Dowan
  6673 | D:6      | Reached XP level 9. HP: 76/82 MP: 16/20
  7049 | D:7      | Reached skill level 1 in Armour
  7049 | D:7      | Reached skill level 1 in Translocations
  7184 | D:7      | Noticed Maggie
  7218 | D:7      | Killed Maggie
  7441 | D:7      | Noticed Menkaure
  7445 | D:7      | Killed Menkaure
  8477 | D:8      | Learned a level 3 spell: Hailstorm
  8583 | D:8      | Noticed a gargoyle
  8590 | D:8      | Killed a gargoyle
  9193 | D:9      | Found a staircase to the Orcish Mines.
  9212 | D:9      | Reached skill level 1 in Ice Magic
  9212 | D:9      | Reached XP level 10. HP: 66/91 MP: 2/21
  9341 | D:9      | Noticed a two-headed ogre
  9346 | D:9      | Killed a two-headed ogre
  9362 | D:9      | Noticed Prince Ribbit
  9366 | D:9      | Killed Prince Ribbit
  9917 | D:9      | Found a staircase to the Lair.
 10534 | D:10     | Entered Level 10 of the Dungeon
 10775 | D:10     | Noticed Erica
 10792 | D:10     | Killed Erica
 11092 | D:10     | Reached skill level 10 in Fighting
 11220 | D:10     | Found Useq's Armour Shop.
 11228 | D:10     | Bought the +1 pair of boots of Caqinn {rElec rPois} for 360
                  | gold pieces
 11662 | D:6      | Killed ChrisAssaf's ghost
 11663 | D:6      | Reached skill level 5 in Dodging
 11846 | Lair:1   | Entered Level 1 of the Lair of Beasts
 12092 | Lair:1   | Reached skill level 1 in Fire Magic
 12092 | Lair:1   | Reached skill level 1 in Air Magic
 12138 | Lair:1   | Reached XP level 11. HP: 99/99 MP: 20/23
 12144 | Lair:1   | Reached skill level 1 in Shields
 12343 | Lair:1   | Found a transporter.
 12429 | Lair:1   | Reached skill level 5 in Armour
 12863 | Lair:1   | Found a transporter.
 13232 | Lair:2   | Noticed Amaemon
 13243 | Lair:2   | Killed Amaemon
 13452 | Lair:2   | Found a staircase to the Swamp.
 15321 | Lair:3   | Reached XP level 12. HP: 106/106 MP: 10/26
 15341 | Lair:3   | HP: 4/106 [elephant (13)]
 15741 | Lair:3   | Found a staircase to the Snake Pit.
 15896 | Lair:3   | Reached skill level 5 in Fire Magic
 15899 | Lair:3   | Reached skill level 5 in Air Magic
 16892 | Lair:3   | Learned a level 4 spell: Airstrike
 17289 | Lair:4   | Found a staircase to the Slime Pits.
 17945 | Lair:4   | Learned a level 6 spell: Plasma Beam
 18102 | Lair:5   | Entered Level 5 of the Lair of Beasts
 18146 | Lair:5   | Noticed an eight-headed hydra
 19328 | Lair:5   | Noticed a seven-headed hydra
 19330 | Lair:5   | Killed a seven-headed hydra
 19446 | Lair:5   | Noticed a catoblepas
 19454 | Lair:5   | Killed a catoblepas
 19455 | Lair:5   | Reached XP level 13. HP: 113/113 MP: 18/30
 20217 | Lair:5   | Noticed Rupert
 20254 | Lair:5   | Paralysed by Rupert for 4 turns
 20327 | Lair:5   | Killed Rupert
 22472 | Lair:5   | Learned a level 6 spell: Starburst
 22726 | Orc:1    | Entered Level 1 of the Orcish Mines
 22729 | Orc:1    | Reached skill level 10 in Spellcasting
 22809 | Orc:1    | Found Tyud's Jewellery Shoppe.
 22817 | Orc:1    | Bought a ring of willpower for 300 gold pieces
 22918 | Orc:1    | You fall into a shaft and drop 1 floor!
 22918 | Orc:2    | Entered Level 2 of the Orcish Mines
 23198 | Orc:2    | Noticed an orc warlord
 23701 | Orc:2    | Killed an orc warlord
 25448 | Orc:2    | Reached skill level 5 in Conjurations
 26412 | Orc:2    | Reached XP level 14. HP: 121/121 MP: 20/33
 26479 | Orc:2    | Found a staircase to the Elven Halls.
 26525 | Orc:2    | Found Sumnoedu's Distillery.
 26527 | Orc:2    | Found Caownaiffo's General Store.
 27282 | Orc:2    | Bought a potion of curing for 51 gold pieces
 27282 | Orc:2    | Bought a potion of heal wounds for 85 gold pieces
 27282 | Orc:2    | Bought a potion of curing for 51 gold pieces
 27284 | Orc:2    | Bought a potion of heal wounds for 60 gold pieces
 27284 | Orc:2    | Bought a potion of lignification for 36 gold pieces
 27485 | Orc:2    | Found Zoliric's Antique Weapon Boutique.
 27485 | Orc:2    | Found Umimu's Book Shop.
 27523 | Orc:2    | Reached skill level 5 in Shields
 27673 | Orc:2    | Found a one-way gate leading to the halls of Pandemonium.
 27689 | Orc:2    | Bought a Trismegistus Codex for 448 gold pieces
 27689 | Orc:2    | Bought Great Wizards, Vol. II for 608 gold pieces
 27695 | Orc:2    | Learned a level 5 spell: Borgnjor's Vile Clutch
 27702 | Orc:2    | Learned a level 5 spell: Freezing Cloud
 28040 | D:11     | Noticed Erolcha
 28222 | D:11     | Killed Erolcha
 28776 | D:11     | Identified the +2 buckler of the Sun {rElec SInv}
 29275 | D:11     | Reached skill level 1 in Necromancy
 30209 | D:12     | Found a frozen archway.
 30344 | IceCv    | Entered an ice cave
 32418 | D:13     | Paralysed by an ogre mage for 5 turns
 32421 | D:13     | Shot with an arrow by a centaur warrior

Illustrated notes

Levels and vault maps discovered:
D:1:      reono_arrival_mine, layout_basic, chequers_ecumenical_altar_island
D:2:      layout_loops_cross
D:3:      layout_basic, minmay_misc_feat_rows, nicolae_underground_beach
D:4:      layout_basic, minmay_temple_entry_mist, hangedman_decor_lopped,
          nicolae_shop_overcharged_wands
D:5:      layout_loops_ring, mainiacjoe_overflow_six_doors_small, tgw_fedhas,
          mainiacjoe_overflow_alcove_4, gammafunk_temple_overflow_wave,
          uniq_grinder
D:6:      layout_rooms, ebering_ghost_disaster_area, uniq_duvessa,
          uniq_blork_the_orc
D:7:      layout_basic, grunt_decor_mini_mirrors, uniq_menkaure, uniq_maggie
D:8:      layout_cave_pods
D:9:      layout_basic, erik_lair_island, orc_0_dummy, uniq_prince_ribbit1
D:10:     layout_loops_ring, serial_shops, nicolae_diamond_shop, uniq_erica
D:11:     layout_loops_corners, uniq_erolcha
D:12:     layout_rooms, portal_ice_cave_rime
D:13:     layout_big_octagon, nicolae_gozag_cash_rules_everything_around_me
Lair:1:   gammafunk_worm_tunnel, layout_gridlike, serial_bayou_pond_e,
          lemuel_fruit_tree
Lair:2:   layout_long_grid, minmay_swamp_entry_worms, uniq_amaemon
Lair:3:   layout_cave_pods, dummy_snake_entry, infiniplex_staircase_pool,
          grunt_megastairs_2
Lair:4:   layout_gridlike, nicolae_slime_entry_slimehenge, patterned_corridor
Lair:5:   hangedman_lair_in_review, layout_long_grid, wormcave, uniq_rupert
Orc:1:    layout_diamond_mine, serial_shops, nicolae_shop_crystal,
          blackcustard_rock_pile
Orc:2:    pf_orc_diabolical, layout_diamond_mine

Skill      XL: |  1  2  3  4  5  6  7  8  9 10 11 12 13 14 |
---------------+-------------------------------------------+-----
Earth Magic    | 3 4 |  4.8
Conjurations   | 1 2 3 4 5 |  5.9
Spellcasting   | 2 3 5 7 8 10 | 10.5
Fighting       | 2 5 8 9 10 | 10.6
Stealth        | 4 |  4.0
Dodging        | 3 5 6 7 |  7.1
Armour         | 3 4 6 7 |  7.1
Translocations | 2 3 |  3.0
Ice Magic      | 1 4 |  4.1
Fire Magic     | 1 4 7 9 |  9.5
Air Magic      | 1 4 7 9 |  9.5
Shields        | 4 5 |  5.4
Necromancy     | 2 |  2.2

Action                     |  1- 3 |  4- 6 |  7- 9 | 10-12 | 13-15 || total
---------------------------+-------+-------+-------+-------+-------++-------
  Melee: Dagger            |     3 |     1 |       |       |    13 ||    17
         Staff             |       |       |    30 |    10 |     2 ||    42
         Broad axe         |       |       |       |    35 |    23 ||    58
   Cast: Sandblast         |    41 |    43 |       |       |       ||    84
         Stone Arrow       |     4 |    38 |   133 |   307 |   120 ||   602
         Hailstorm         |       |       |     1 |    28 |     2 ||    31
         Blink             |       |       |       |     1 |       ||     1
         Airstrike         |       |       |       |    17 |    87 ||   104
         Plasma Beam       |       |       |       |    13 |   195 ||   208
         Borgnjor's Vile C |       |       |       |       |     7 ||     7
         Freezing Cloud    |       |       |       |       |     3 ||     3
         Starburst         |       |       |       |       |     2 ||     2
  Evoke: Wand              |       |       |     1 |       |     8 ||     9
    Use: Potion            |       |     1 |       |     3 |     8 ||    12
         Scroll            |       |     4 |       |     7 |     7 ||    18
   Stab: Sleeping          |     2 |       |       |       |     1 ||     3
 Armour: Robe              |     4 |     9 |    13 |       |       ||    26
         Steam dragon scal |       |       |    19 |   155 |   179 ||   353
  Dodge: Dodged            |     3 |    18 |    54 |   282 |   204 ||   561
  Block: Buckler           |       |       |       |    61 |    85 ||   146
